[ PARTIDA AOE2 · #478540589 ]
UnrankedFrancos vs Armenians
[ ANÁLISIS DE REPETICIÓN · EXTRAÍDO DE LA PARTIDA GRABADA ]
Feudal
9:22
Castillos
25:21
Imperial
43:56
| APM promedio | 68.0 |
| APM pico | 113 |
| eAPM promedio | 27.2 |
| Aldeanos / militares | 151 / 396 |
Foco
⚔️ 50.3% · 🌾 49.7%
Knight ×237 · Scout Cavalry ×158 · Monk ×1
Feudal
10:28
Castillos
27:23
Imperial
41:52
| APM promedio | 36.0 |
| APM pico | 102 |
| eAPM promedio | 21.6 |
| Aldeanos / militares | 115 / 430 |
Foco
⚔️ 52.0% · 🌾 48.0%
Spearman ×173 · Skirmisher ×102 · Militia ×71 · Warrior Priest ×70 · Battering Ram ×9 · Trebuchet (Packed) ×5
Feudal
9:36
Castillos
24:23
Imperial
41:07
| APM promedio | 37.5 |
| APM pico | 76 |
| eAPM promedio | 13.3 |
| Aldeanos / militares | 92 / 193 |
Foco
⚔️ 46.5% · 🌾 53.5%
Archer ×180 · Spearman ×6 · Militia ×3 · Monk ×2 · Trebuchet (Packed) ×2
Feudal
11:15
Castillos
19:18
Imperial
43:15
| APM promedio | 21.4 |
| APM pico | 48 |
| eAPM promedio | 11.2 |
| Aldeanos / militares | 83 / 232 |
Foco
⚔️ 37.7% · 🌾 62.3%
Knight ×204 · Obuch ×24 · Mangonel ×2 · Spearman ×2
Feudal
11:11
Castillos
31:51
Imperial
52:37
| APM promedio | 20.0 |
| APM pico | 54 |
| eAPM promedio | 10.0 |
| Aldeanos / militares | 74 / 111 |
Foco
⚔️ 33.4% · 🌾 66.6%
Skirmisher ×56 · Spearman ×48 · Archer ×5 · Mangonel ×2
Feudal
12:41
Castillos
25:00
Imperial
50:29
| APM promedio | 39.8 |
| APM pico | 90 |
| eAPM promedio | 23.4 |
| Aldeanos / militares | 367 / 177 |
Foco
⚔️ 31.3% · 🌾 68.7%
Knight ×74 · Cavalry Archer ×52 · Skirmisher ×25 · Scout Cavalry ×8 · Tarkan ×5 · Mangonel ×5
Mapa de la partida
Recursos iniciales + cada clic de construcción. Líneas = muros · curvas = relieve. ◆ oro · ⬟ piedra · ● bayas · ✦ reliquia · ◌ hueco del cierre
Tu base· ✓ Cerrada en 25:21 · 78t muro · 1 puerta(s)
Base de Entrue· ✓ Cerrada en 27:23 · 42t muro · sin puerta
Base de Orion8TV· Abierta — hueco de 1t
Base de RapplerSoon· Abierta — flanco sin cerrar
Base de Fabiatore· ✓ Cerrada en 31:51 · 51t muro · 1 puerta(s)
Base de GdR_TARABS· Abierta — flanco sin cerrar
Terreno inicial suavizado · ◌ = hueco del cierre detectado · pasá el cursor para detalles
Inputs por minuto
— My_Name_Is_Mimmox - - Entrue
Build order — My_Name_Is_Mimmox
Primeras 150 de 753 acciones detectadas
| 0:00 | Crear | Villager (Male) |
| 0:00 | Crear | Villager (Male) |
| 0:00 | Crear | Villager (Male) |
| 0:01 | Crear | Villager (Male) |
| 0:02 | Construir | House |
| 0:04 | Construir | House |
| 1:37 | Crear | Villager (Male) |
| 1:37 | Crear | Villager (Male) |
| 1:37 | Crear | Villager (Male) |
| 1:52 | Construir | Lumber Camp |
| 2:04 | Crear | Villager (Male) |
| 2:04 | Crear | Villager (Male) |
| 2:04 | Crear | Villager (Male) |
| 2:22 | Crear | Villager (Male) |
| 2:22 | Crear | Villager (Male) |
| 2:22 | Crear | Villager (Male) |
| 2:56 | Crear | Villager (Male) |
| 2:56 | Crear | Villager (Male) |
| 2:56 | Crear | Villager (Male) |
| 2:59 | Construir | House |
| 3:01 | Construir | House |
| 3:17 | Crear | Villager (Male) |
| 3:17 | Crear | Villager (Male) |
| 3:17 | Crear | Villager (Male) |
| 3:48 | Crear | Villager (Male) |
| 3:49 | Crear | Villager (Male) |
| 3:49 | Crear | Villager (Male) |
| 4:01 | Crear | Villager (Male) |
| 4:01 | Crear | Villager (Male) |
| 4:29 | Crear | Villager (Male) |
| 4:29 | Crear | Villager (Male) |
| 4:29 | Crear | Villager (Male) |
| 5:03 | Crear | Villager (Male) |
| 5:03 | Crear | Villager (Male) |
| 5:03 | Crear | Villager (Male) |
| 5:03 | Crear | Villager (Male) |
| 5:07 | Construir | Mill |
| 5:37 | Crear | Villager (Male) |
| 5:37 | Crear | Villager (Male) |
| 5:55 | Crear | Villager (Male) |
| 5:55 | Crear | Villager (Male) |
| 5:55 | Crear | Villager (Male) |
| 5:55 | Crear | Villager (Male) |
| 6:09 | Crear | Villager (Male) |
| 6:09 | Crear | Villager (Male) |
| 6:09 | Crear | Villager (Male) |
| 6:09 | Crear | Villager (Male) |
| 6:47 | Investigar | Loom |
| 7:06 | Investigar | Feudal Age |
| 7:42 | Construir | Barracks |
| 8:05 | Crear | Villager (Male) |
| 8:57 | Crear | Villager (Male) |
| 9:22 | Edad | Edad Feudal |
| 9:28 | Construir | Stable |
| 9:31 | Crear | Villager (Male) |
| 10:00 | Crear | Villager (Male) |
| 10:02 | Construir | Farm |
| 10:04 | Construir | Farm |
| 10:04 | Crear | Villager (Male) |
| 10:09 | Crear | Villager (Male) |
| 10:12 | Construir | House |
| 10:16 | Crear | Scout Cavalry |
| 10:16 | Crear | Scout Cavalry |
| 10:38 | Crear | Scout Cavalry |
| 10:38 | Crear | Scout Cavalry |
| 10:38 | Crear | Scout Cavalry |
| 10:47 | Crear | Scout Cavalry |
| 10:47 | Crear | Scout Cavalry |
| 10:47 | Crear | Scout Cavalry |
| 10:50 | Construir | Farm |
| 11:00 | Construir | Farm |
| 11:01 | Construir | Farm |
| 11:10 | Construir | Farm |
| 11:11 | Crear | Villager (Male) |
| 11:38 | Crear | Scout Cavalry |
| 11:38 | Crear | Scout Cavalry |
| 11:38 | Crear | Scout Cavalry |
| 11:38 | Crear | Scout Cavalry |
| 11:41 | Construir | Farm |
| 11:44 | Construir | Farm |
| 11:49 | Crear | Villager (Male) |
| 12:00 | Crear | Villager (Male) |
| 12:01 | Crear | Villager (Male) |
| 12:04 | Construir | House |
| 12:31 | Crear | Scout Cavalry |
| 12:31 | Crear | Scout Cavalry |
| 12:31 | Crear | Scout Cavalry |
| 12:31 | Crear | Scout Cavalry |
| 12:47 | Crear | Villager (Male) |
| 12:49 | Construir | House |
| 13:06 | Construir | House |
| 13:07 | Crear | Villager (Male) |
| 13:07 | Crear | Villager (Male) |
| 13:26 | Construir | Farm |
| 13:27 | Construir | Farm |
| 13:31 | Crear | Scout Cavalry |
| 13:31 | Crear | Scout Cavalry |
| 13:35 | Construir | Farm |
| 13:38 | Construir | House |
| 13:55 | Construir | House |
| 13:58 | Crear | Villager (Male) |
| 14:00 | Construir | Farm |
| 14:01 | Construir | Farm |
| 14:02 | Crear | Villager (Male) |
| 14:25 | Construir | Blacksmith |
| 14:34 | Construir | Palisade Wall |
| 14:39 | Construir | Palisade Wall |
| 14:43 | Construir | Palisade Wall |
| 14:47 | Construir | Palisade Wall |
| 14:49 | Construir | Palisade Wall |
| 14:54 | Crear | Villager (Male) |
| 14:55 | Crear | Villager (Male) |
| 15:11 | Investigar | Forging |
| 15:14 | Crear | Villager (Male) |
| 15:25 | Construir | Farm |
| 15:27 | Construir | Farm |
| 15:28 | Construir | Farm |
| 15:49 | Crear | Scout Cavalry |
| 15:49 | Crear | Scout Cavalry |
| 16:02 | Construir | Farm |
| 16:05 | Construir | Farm |
| 16:06 | Construir | Farm |
| 16:14 | Crear | Scout Cavalry |
| 16:14 | Crear | Scout Cavalry |
| 16:14 | Crear | Scout Cavalry |
| 16:21 | Crear | Villager (Male) |
| 16:34 | Construir | Palisade Gate |
| 16:39 | Construir | Farm |
| 16:40 | Crear | Villager (Male) |
| 16:52 | Crear | Scout Cavalry |
| 16:52 | Crear | Scout Cavalry |
| 16:52 | Crear | Scout Cavalry |
| 16:59 | Crear | Villager (Male) |
| 17:02 | Construir | House |
| 17:10 | Investigar | Scale Barding Armor |
| 17:22 | Construir | Mining Camp |
| 17:37 | Construir | Farm |
| 17:51 | Crear | Villager (Male) |
| 17:52 | Crear | Villager (Male) |
| 17:54 | Crear | Scout Cavalry |
| 17:54 | Crear | Scout Cavalry |
| 17:54 | Crear | Scout Cavalry |
| 18:16 | Crear | Villager (Male) |
| 18:17 | Crear | Scout Cavalry |
| 18:17 | Crear | Scout Cavalry |
| 18:17 | Crear | Scout Cavalry |
| 18:17 | Crear | Scout Cavalry |
| 18:32 | Crear | Villager (Male) |
| 18:37 | Construir | Farm |
| 18:47 | Crear | Scout Cavalry |
Build order — Entrue
Primeras 150 de 748 acciones detectadas
| 0:01 | Crear | Villager (Male) |
| 0:01 | Crear | Villager (Male) |
| 0:01 | Crear | Villager (Male) |
| 0:02 | Crear | Villager (Male) |
| 0:03 | Construir | House |
| 0:04 | Construir | House |
| 1:43 | Crear | Villager (Male) |
| 1:44 | Construir | Mule Cart |
| 2:10 | Crear | Villager (Male) |
| 2:23 | Crear | Villager (Male) |
| 3:02 | Crear | Villager (Male) |
| 3:29 | Crear | Villager (Male) |
| 3:51 | Crear | Villager (Male) |
| 3:59 | Construir | House |
| 4:14 | Crear | Villager (Male) |
| 4:21 | Construir | House |
| 4:36 | Construir | Barracks |
| 4:45 | Crear | Villager (Male) |
| 4:46 | Crear | Villager (Male) |
| 5:26 | Construir | House |
| 5:33 | Crear | Villager (Male) |
| 5:34 | Crear | Villager (Male) |
| 5:34 | Crear | Villager (Male) |
| 5:46 | Crear | Villager (Male) |
| 6:10 | Construir | Mill |
| 6:27 | Construir | Mill |
| 6:34 | Construir | House |
| 7:14 | Crear | Villager (Male) |
| 7:21 | Construir | House |
| 7:43 | Crear | Villager (Male) |
| 8:18 | Investigar | Feudal Age |
| 8:18 | Investigar | Feudal Age |
| 8:26 | Construir | Palisade Wall |
| 8:35 | Construir | Palisade Wall |
| 8:49 | Crear | Militia |
| 8:49 | Crear | Militia |
| 8:50 | Crear | Militia |
| 8:57 | Construir | Mule Cart |
| 9:21 | Crear | Militia |
| 9:44 | Construir | Palisade Wall |
| 9:55 | Investigar | Loom |
| 10:05 | Crear | Militia |
| 10:28 | Edad | Edad Feudal |
| 10:40 | Investigar | Man-at-Arms (upgrade) |
| 11:01 | Crear | Villager (Male) |
| 11:12 | Construir | Farm |
| 11:12 | Construir | Farm |
| 11:13 | Construir | Farm |
| 11:15 | Construir | Farm |
| 11:15 | Construir | Farm |
| 11:21 | Crear | Villager (Male) |
| 11:33 | Construir | Palisade Wall |
| 12:11 | Crear | Villager (Male) |
| 12:19 | Construir | Palisade Wall |
| 12:33 | Crear | Villager (Male) |
| 12:35 | Construir | Farm |
| 12:36 | Construir | Farm |
| 13:04 | Crear | Villager (Male) |
| 13:24 | Construir | Farm |
| 13:44 | Crear | Villager (Male) |
| 13:48 | Crear | Spearman |
| 13:49 | Crear | Spearman |
| 14:27 | Construir | Palisade Gate |
| 14:32 | Crear | Villager (Male) |
| 14:50 | Crear | Villager (Male) |
| 14:56 | Construir | Palisade Wall |
| 15:02 | Construir | House |
| 15:06 | Crear | Spearman |
| 15:16 | Construir | Farm |
| 15:17 | Construir | Farm |
| 15:26 | Construir | House |
| 15:30 | Crear | Villager (Male) |
| 15:35 | Construir | Palisade Wall |
| 16:03 | Crear | Villager (Male) |
| 16:05 | Crear | Spearman |
| 16:40 | Crear | Villager (Male) |
| 16:42 | Crear | Spearman |
| 17:10 | Crear | Villager (Male) |
| 17:33 | Construir | Farm |
| 17:33 | Construir | Farm |
| 17:33 | Construir | Farm |
| 17:33 | Construir | Farm |
| 17:34 | Construir | Farm |
| 17:36 | Crear | Spearman |
| 17:38 | Crear | Villager (Male) |
| 18:09 | Crear | Villager (Male) |
| 18:28 | Crear | Spearman |
| 18:29 | Crear | Spearman |
| 18:32 | Construir | Farm |
| 18:35 | Construir | House |
| 18:48 | Construir | House |
| 18:50 | Crear | Villager (Male) |
| 18:51 | Crear | Villager (Male) |
| 19:09 | Construir | Farm |
| 19:22 | Crear | Spearman |
| 19:30 | Construir | House |
| 19:30 | Construir | House |
| 19:30 | Construir | House |
| 19:43 | Crear | Villager (Male) |
| 20:13 | Crear | Spearman |
| 20:14 | Crear | Villager (Male) |
| 20:21 | Construir | Farm |
| 20:21 | Construir | Farm |
| 20:21 | Construir | Farm |
| 20:21 | Construir | Farm |
| 20:22 | Construir | Farm |
| 20:34 | Construir | House |
| 20:34 | Construir | House |
| 20:35 | Construir | House |
| 20:35 | Construir | House |
| 20:43 | Crear | Villager (Male) |
| 20:50 | Investigar | Double-Bit Axe |
| 21:10 | Crear | Villager (Male) |
| 21:41 | Crear | Villager (Male) |
| 21:57 | Construir | Palisade Wall |
| 22:08 | Construir | Mule Cart |
| 22:11 | Crear | Villager (Male) |
| 22:18 | Crear | Spearman |
| 22:39 | Crear | Villager (Male) |
| 22:46 | Construir | Market |
| 22:56 | Crear | Villager (Male) |
| 23:07 | Crear | Villager (Male) |
| 23:12 | Crear | Spearman |
| 24:00 | Crear | Villager (Male) |
| 24:05 | Construir | Blacksmith |
| 24:16 | Construir | Farm |
| 24:16 | Construir | Farm |
| 24:21 | Investigar | Horse Collar |
| 24:41 | Crear | Villager (Male) |
| 24:41 | Crear | Villager (Male) |
| 24:43 | Investigar | Castle Age |
| 24:54 | Construir | Archery Range |
| 24:59 | Construir | Farm |
| 25:13 | Construir | Mill |
| 25:14 | Construir | Farm |
| 25:14 | Construir | Farm |
| 25:14 | Construir | Farm |
| 25:15 | Construir | Farm |
| 25:15 | Construir | Farm |
| 25:15 | Construir | Farm |
| 26:08 | Investigar | Arson |
| 26:23 | Construir | House |
| 26:23 | Construir | House |
| 26:32 | Construir | House |
| 26:32 | Construir | House |
| 26:33 | Construir | House |
| 26:33 | Construir | House |
| 26:35 | Construir | House |
| 26:35 | Construir | House |
| 26:36 | Construir | House |
Build order — Orion8TV
Primeras 150 de 405 acciones detectadas
| 0:02 | Construir | House |
| 0:04 | Crear | Villager (Male) |
| 0:04 | Crear | Villager (Male) |
| 0:04 | Crear | Villager (Male) |
| 0:04 | Crear | Villager (Male) |
| 0:04 | Crear | Villager (Male) |
| 0:05 | Construir | House |
| 1:39 | Crear | Villager (Male) |
| 1:39 | Crear | Villager (Male) |
| 1:59 | Construir | Lumber Camp |
| 2:10 | Crear | Villager (Male) |
| 2:10 | Crear | Villager (Male) |
| 2:10 | Crear | Villager (Male) |
| 2:41 | Crear | Villager (Male) |
| 2:41 | Crear | Villager (Male) |
| 2:41 | Crear | Villager (Male) |
| 2:42 | Crear | Villager (Male) |
| 3:05 | Crear | Villager (Male) |
| 3:05 | Crear | Villager (Male) |
| 3:05 | Crear | Villager (Male) |
| 3:05 | Crear | Villager (Male) |
| 3:35 | Construir | House |
| 3:40 | Crear | Villager (Male) |
| 3:40 | Crear | Villager (Male) |
| 3:40 | Crear | Villager (Male) |
| 4:26 | Construir | Mill |
| 4:30 | Crear | Villager (Male) |
| 4:30 | Crear | Villager (Male) |
| 4:30 | Crear | Villager (Male) |
| 4:31 | Crear | Villager (Male) |
| 5:00 | Investigar | Loom |
| 5:23 | Crear | Villager (Male) |
| 5:23 | Crear | Villager (Male) |
| 5:24 | Crear | Villager (Male) |
| 5:54 | Crear | Villager (Male) |
| 7:26 | Investigar | Feudal Age |
| 7:45 | Construir | Barracks |
| 7:53 | Construir | House |
| 9:34 | Crear | Villager (Male) |
| 9:35 | Crear | Villager (Male) |
| 9:36 | Edad | Edad Feudal |
| 9:38 | Investigar | Double-Bit Axe |
| 9:44 | Construir | Archery Range |
| 10:14 | Crear | Villager (Male) |
| 10:15 | Crear | Villager (Male) |
| 11:24 | Construir | House |
| 11:25 | Crear | Archer |
| 11:25 | Crear | Archer |
| 11:43 | Crear | Villager (Male) |
| 11:43 | Crear | Villager (Male) |
| 11:43 | Crear | Villager (Male) |
| 11:51 | Construir | Archery Range |
| 11:55 | Construir | Blacksmith |
| 11:58 | Crear | Villager (Male) |
| 12:04 | Construir | House |
| 12:06 | Crear | Archer |
| 12:08 | Crear | Villager (Male) |
| 12:21 | Crear | Villager (Male) |
| 12:45 | Crear | Villager (Male) |
| 12:54 | Construir | Mining Camp |
| 13:01 | Crear | Archer |
| 13:02 | Crear | Archer |
| 13:08 | Construir | Palisade Wall |
| 13:17 | Construir | Palisade Gate |
| 13:24 | Construir | House |
| 13:40 | Crear | Villager (Male) |
| 14:08 | Construir | House |
| 14:13 | Construir | Lumber Camp |
| 14:20 | Crear | Archer |
| 14:23 | Crear | Archer |
| 14:28 | Investigar | Fletching |
| 14:41 | Crear | Villager (Male) |
| 14:44 | Construir | Farm |
| 15:19 | Construir | Farm |
| 15:21 | Crear | Villager (Male) |
| 15:32 | Construir | Market |
| 15:36 | Construir | Farm |
| 15:37 | Crear | Villager (Male) |
| 15:44 | Construir | Palisade Gate |
| 15:57 | Construir | Farm |
| 15:58 | Crear | Archer |
| 16:00 | Crear | Archer |
| 16:57 | Construir | Farm |
| 17:15 | Construir | House |
| 17:20 | Construir | House |
| 17:21 | Crear | Villager (Male) |
| 17:41 | Crear | Villager (Male) |
| 17:45 | Crear | Archer |
| 17:45 | Crear | Archer |
| 17:47 | Construir | House |
| 17:49 | Construir | House |
| 17:52 | Construir | Farm |
| 17:53 | Crear | Villager (Male) |
| 17:55 | Crear | Villager (Male) |
| 17:58 | Crear | Archer |
| 17:58 | Crear | Archer |
| 18:30 | Construir | Farm |
| 18:40 | Construir | House |
| 18:43 | Crear | Villager (Male) |
| 18:46 | Construir | Farm |
| 19:20 | Construir | Farm |
| 19:25 | Construir | Farm |
| 19:50 | Construir | Farm |
| 20:43 | Construir | Farm |
| 20:45 | Construir | Farm |
| 20:47 | Construir | Farm |
| 20:48 | Crear | Archer |
| 20:49 | Crear | Archer |
| 21:43 | Investigar | Castle Age |
| 21:49 | Construir | Palisade Wall |
| 22:35 | Construir | House |
| 22:52 | Construir | House |
| 22:59 | Investigar | Horse Collar |
| 23:05 | Crear | Archer |
| 23:05 | Crear | Archer |
| 23:05 | Crear | Archer |
| 23:06 | Crear | Archer |
| 23:06 | Crear | Archer |
| 23:17 | Construir | House |
| 23:19 | Construir | House |
| 24:18 | Crear | Archer |
| 24:19 | Crear | Archer |
| 24:23 | Edad | Edad de los Castillos |
| 24:25 | Investigar | Crossbowman (upgrade) |
| 24:25 | Investigar | Thumb Ring |
| 24:33 | Construir | Town Center |
| 24:58 | Construir | House |
| 25:08 | Investigar | Bodkin Arrow |
| 25:15 | Construir | University |
| 25:25 | Crear | Archer |
| 25:26 | Crear | Archer |
| 25:33 | Investigar | Gold Mining |
| 25:35 | Investigar | Bow Saw |
| 25:38 | Crear | Villager (Male) |
| 25:45 | Investigar | Wheelbarrow |
| 26:19 | Construir | House |
| 26:21 | Construir | House |
| 26:40 | Crear | Archer |
| 26:40 | Crear | Archer |
| 26:46 | Crear | Archer |
| 26:47 | Crear | Archer |
| 26:53 | Construir | Farm |
| 27:13 | Construir | Lumber Camp |
| 27:46 | Crear | Archer |
| 27:46 | Crear | Archer |
| 27:48 | Investigar | Ballistics |
| 28:00 | Construir | House |
| 28:27 | Crear | Archer |
| 28:28 | Crear | Archer |
| 28:28 | Crear | Archer |
Build order — RapplerSoon
Primeras 150 de 400 acciones detectadas
| 0:02 | Crear | Villager (Male) |
| 0:02 | Crear | Villager (Male) |
| 0:02 | Crear | Villager (Male) |
| 0:03 | Construir | House |
| 0:04 | Construir | House |
| 0:26 | Crear | Villager (Male) |
| 1:31 | Crear | Villager (Male) |
| 1:48 | Construir | Lumber Camp |
| 2:15 | Crear | Villager (Male) |
| 2:34 | Crear | Villager (Male) |
| 2:43 | Investigar | Loom |
| 2:50 | Construir | House |
| 3:16 | Crear | Villager (Male) |
| 3:36 | Crear | Villager (Male) |
| 3:56 | Crear | Villager (Male) |
| 4:39 | Crear | Villager (Male) |
| 5:17 | Crear | Villager (Male) |
| 5:40 | Crear | Villager (Male) |
| 6:15 | Construir | House |
| 6:22 | Crear | Villager (Male) |
| 6:42 | Crear | Villager (Male) |
| 6:57 | Construir | Mill |
| 7:04 | Construir | House |
| 7:06 | Crear | Villager (Male) |
| 7:23 | Crear | Villager (Male) |
| 7:32 | Construir | Barracks |
| 7:37 | Crear | Villager (Male) |
| 8:40 | Crear | Villager (Male) |
| 9:01 | Investigar | Feudal Age |
| 9:15 | Construir | Mining Camp |
| 9:55 | Construir | House |
| 9:57 | Construir | House |
| 11:00 | Construir | Farm |
| 11:15 | Edad | Edad Feudal |
| 11:18 | Crear | Villager (Male) |
| 11:30 | Construir | Farm |
| 11:46 | Construir | Farm |
| 11:48 | Construir | Farm |
| 11:51 | Construir | Farm |
| 11:52 | Crear | Villager (Male) |
| 11:53 | Crear | Villager (Male) |
| 12:16 | Construir | Market |
| 12:21 | Construir | Blacksmith |
| 12:25 | Crear | Villager (Male) |
| 13:04 | Crear | Villager (Male) |
| 13:16 | Crear | Villager (Male) |
| 13:23 | Construir | Farm |
| 13:26 | Construir | Farm |
| 13:28 | Investigar | Horse Collar |
| 13:45 | Crear | Spearman |
| 13:45 | Crear | Spearman |
| 13:54 | Crear | Villager (Male) |
| 14:07 | Construir | Farm |
| 14:23 | Construir | Mill |
| 14:24 | Construir | Farm |
| 14:26 | Crear | Villager (Male) |
| 14:59 | Construir | Mining Camp |
| 15:08 | Construir | Farm |
| 15:11 | Construir | Farm |
| 15:13 | Crear | Villager (Male) |
| 15:45 | Crear | Villager (Male) |
| 15:50 | Crear | Villager (Male) |
| 16:15 | Construir | Farm |
| 16:17 | Construir | Farm |
| 16:38 | Investigar | Castle Age |
| 16:54 | Construir | Stable |
| 17:41 | Construir | Farm |
| 17:53 | Construir | Stable |
| 18:02 | Crear | Villager (Male) |
| 18:02 | Crear | Villager (Male) |
| 18:10 | Construir | Farm |
| 18:15 | Investigar | Scale Barding Armor |
| 18:30 | Investigar | Double-Bit Axe |
| 18:53 | Investigar | Forging |
| 19:06 | Construir | Farm |
| 19:18 | Edad | Edad de los Castillos |
| 19:19 | Crear | Knight |
| 19:19 | Crear | Knight |
| 19:20 | Crear | Knight |
| 19:20 | Crear | Knight |
| 19:22 | Crear | Knight |
| 19:57 | Crear | Villager (Male) |
| 19:58 | Crear | Villager (Male) |
| 20:11 | Investigar | Husbandry |
| 20:41 | Construir | Town Center |
| 20:50 | Investigar | Bloodlines |
| 21:16 | Crear | Villager (Male) |
| 21:16 | Crear | Villager (Male) |
| 21:18 | Investigar | Gold Mining |
| 21:51 | Crear | Knight |
| 21:51 | Crear | Knight |
| 22:20 | Crear | Villager (Male) |
| 22:21 | Crear | Villager (Male) |
| 22:21 | Crear | Villager (Male) |
| 22:21 | Crear | Villager (Male) |
| 22:22 | Crear | Villager (Male) |
| 22:22 | Crear | Villager (Male) |
| 22:22 | Crear | Villager (Male) |
| 22:47 | Crear | Knight |
| 22:50 | Crear | Knight |
| 23:01 | Crear | Villager (Male) |
| 23:01 | Crear | Villager (Male) |
| 23:12 | Crear | Knight |
| 23:20 | Construir | House |
| 23:36 | Construir | House |
| 23:37 | Construir | House |
| 23:38 | Construir | House |
| 23:50 | Crear | Knight |
| 23:50 | Crear | Knight |
| 24:00 | Construir | Farm |
| 24:01 | Construir | Farm |
| 24:01 | Construir | Farm |
| 24:48 | Crear | Villager (Male) |
| 24:48 | Crear | Villager (Male) |
| 25:05 | Crear | Villager (Male) |
| 25:05 | Crear | Villager (Male) |
| 25:10 | Construir | Castle |
| 25:16 | Crear | Knight |
| 25:16 | Crear | Knight |
| 25:16 | Crear | Knight |
| 25:40 | Investigar | Chain Barding Armor |
| 25:52 | Crear | Villager (Male) |
| 25:52 | Crear | Villager (Male) |
| 26:08 | Investigar | Wheelbarrow |
| 26:13 | Crear | Villager (Male) |
| 26:13 | Crear | Villager (Male) |
| 26:49 | Crear | Villager (Male) |
| 27:00 | Construir | Mill |
| 27:02 | Construir | Farm |
| 27:02 | Construir | Farm |
| 27:24 | Investigar | Szlachta Privileges |
| 27:37 | Construir | Farm |
| 27:46 | Crear | Villager (Male) |
| 27:57 | Construir | Lumber Camp |
| 29:25 | Construir | Farm |
| 29:28 | Crear | Villager (Male) |
| 29:29 | Crear | Villager (Male) |
| 29:32 | Investigar | Iron Casting |
| 29:55 | Crear | Knight |
| 29:56 | Crear | Knight |
| 29:56 | Crear | Knight |
| 29:56 | Crear | Knight |
| 29:56 | Crear | Knight |
| 29:56 | Crear | Knight |
| 29:57 | Crear | Knight |
| 29:57 | Crear | Knight |
| 29:57 | Crear | Knight |
| 29:57 | Crear | Knight |
| 29:57 | Crear | Knight |
| 29:58 | Crear | Knight |
Build order — Fabiatore
Primeras 150 de 222 acciones detectadas
| 0:03 | Construir | House |
| 0:05 | Construir | House |
| 0:13 | Crear | Villager (Male) ×4 |
| 1:23 | Crear | Villager (Male) |
| 2:09 | Crear | Villager (Male) |
| 2:23 | Construir | Lumber Camp |
| 2:25 | Crear | Villager (Male) |
| 2:39 | Crear | Villager (Male) |
| 3:33 | Crear | Villager (Male) |
| 3:41 | Construir | House |
| 4:04 | Crear | Villager (Male) |
| 4:37 | Crear | Villager (Male) |
| 5:06 | Crear | Villager (Male) |
| 5:06 | Investigar | Loom |
| 5:11 | Crear | Villager (Male) |
| 5:36 | Construir | Lumber Camp |
| 5:44 | Construir | House |
| 5:46 | Construir | House |
| 6:23 | Crear | Villager (Male) |
| 6:23 | Crear | Villager (Male) |
| 6:25 | Crear | Villager (Male) |
| 6:37 | Construir | Mill |
| 6:43 | Crear | Villager (Male) |
| 6:59 | Construir | House |
| 7:44 | Construir | Palisade Wall |
| 7:58 | Investigar | Loom |
| 9:01 | Investigar | Feudal Age |
| 11:11 | Edad | Edad Feudal |
| 11:42 | Crear | Villager (Male) |
| 11:42 | Crear | Villager (Male) |
| 12:12 | Construir | Barracks |
| 12:34 | Construir | House |
| 12:43 | Construir | Barracks |
| 12:47 | Construir | Barracks |
| 13:01 | Crear | Spearman |
| 13:02 | Crear | Spearman |
| 13:09 | Construir | Mining Camp |
| 13:12 | Construir | Farm |
| 13:13 | Construir | Farm |
| 13:14 | Crear | Villager (Male) |
| 13:14 | Crear | Villager (Male) |
| 13:30 | Crear | Villager (Male) |
| 13:38 | Construir | Barracks |
| 13:52 | Construir | House |
| 13:57 | Construir | Barracks |
| 14:12 | Crear | Villager (Male) |
| 14:12 | Crear | Villager (Male) |
| 14:47 | Construir | House |
| 14:49 | Construir | House |
| 14:54 | Construir | Palisade Wall |
| 15:00 | Construir | Mining Camp |
| 15:13 | Construir | Palisade Gate |
| 15:27 | Crear | Villager (Male) |
| 15:27 | Crear | Villager (Male) |
| 15:57 | Construir | Blacksmith |
| 15:59 | Construir | Farm |
| 16:00 | Crear | Villager (Male) |
| 16:10 | Construir | House |
| 16:12 | Construir | House |
| 16:29 | Construir | Archery Range |
| 17:07 | Crear | Skirmisher |
| 17:07 | Crear | Skirmisher |
| 17:13 | Construir | House |
| 17:41 | Crear | Skirmisher |
| 17:42 | Crear | Skirmisher |
| 17:46 | Construir | House |
| 17:49 | Construir | House |
| 18:06 | Construir | House |
| 18:25 | Construir | Farm |
| 18:28 | Construir | Farm |
| 18:38 | Construir | Watch Tower |
| 19:02 | Construir | Farm |
| 19:12 | Investigar | Padded Archer Armor |
| 19:17 | Crear | Skirmisher |
| 19:43 | Construir | Farm |
| 19:45 | Construir | Farm |
| 19:47 | Construir | Farm |
| 19:49 | Crear | Skirmisher |
| 19:49 | Crear | Skirmisher |
| 20:12 | Crear | Skirmisher |
| 20:19 | Construir | Farm |
| 21:14 | Construir | Palisade Wall |
| 21:21 | Construir | Lumber Camp |
| 21:54 | Crear | Skirmisher ×5 |
| 22:05 | Construir | Farm |
| 22:16 | Crear | Villager (Male) |
| 22:16 | Crear | Villager (Male) |
| 22:48 | Crear | Villager (Male) |
| 22:48 | Crear | Villager (Male) |
| 23:06 | Construir | House |
| 23:08 | Construir | House |
| 23:10 | Construir | House |
| 23:16 | Construir | Palisade Wall |
| 23:49 | Crear | Villager (Male) |
| 24:02 | Crear | Villager (Male) |
| 24:03 | Crear | Villager (Male) |
| 24:36 | Construir | Archery Range |
| 24:40 | Crear | Villager (Male) |
| 24:41 | Crear | Villager (Male) |
| 24:45 | Crear | Skirmisher |
| 24:45 | Crear | Skirmisher |
| 24:45 | Crear | Skirmisher |
| 24:48 | Investigar | Fletching |
| 25:09 | Construir | Farm |
| 25:29 | Construir | Farm |
| 25:58 | Construir | Mill |
| 26:42 | Crear | Villager (Male) |
| 26:50 | Construir | Farm |
| 26:55 | Crear | Skirmisher |
| 27:03 | Crear | Spearman |
| 27:03 | Crear | Spearman |
| 27:06 | Crear | Spearman |
| 27:06 | Crear | Spearman |
| 27:14 | Crear | Spearman |
| 27:56 | Construir | Stone Wall |
| 28:00 | Construir | Farm |
| 28:19 | Crear | Villager (Male) |
| 28:48 | Construir | Lumber Camp |
| 29:11 | Investigar | Castle Age |
| 29:58 | Investigar | Double-Bit Axe |
| 30:21 | Construir | House |
| 30:23 | Construir | House |
| 30:24 | Construir | House |
| 31:35 | Construir | House |
| 31:36 | Construir | House |
| 31:51 | Edad | Edad de los Castillos |
| 32:01 | Crear | Villager (Male) ×5 |
| 32:26 | Construir | Castle |
| 32:33 | Investigar | Elite Skirmisher (upgrade) |
| 32:35 | Crear | Skirmisher ×2 |
| 32:43 | Crear | Villager (Male) |
| 32:44 | Crear | Villager (Male) |
| 32:44 | Crear | Villager (Male) |
| 32:59 | Investigar | Pikeman (upgrade) |
| 33:02 | Crear | Spearman ×5 |
| 33:26 | Crear | Villager (Male) |
| 33:26 | Crear | Villager (Male) |
| 33:34 | Investigar | Scale Mail Armor |
| 33:39 | Crear | Spearman ×3 |
| 33:41 | Crear | Skirmisher |
| 33:51 | Crear | Skirmisher ×2 |
| 34:20 | Crear | Spearman ×3 |
| 34:26 | Crear | Skirmisher ×2 |
| 34:42 | Construir | Lumber Camp |
| 34:49 | Crear | Spearman ×2 |
| 34:52 | Crear | Archer ×5 |
| 35:04 | Crear | Skirmisher ×3 |
| 35:38 | Crear | Spearman ×4 |
| 36:39 | Crear | Spearman ×5 |
| 36:39 | Crear | Spearman ×2 |
Build order — GdR_TARABS
Primeras 150 de 608 acciones detectadas
| 0:00 | Crear | Villager (Male) |
| 0:00 | Crear | Villager (Male) |
| 0:00 | Crear | Villager (Male) |
| 0:29 | Crear | Villager (Male) |
| 0:29 | Crear | Villager (Male) |
| 0:29 | Crear | Villager (Male) |
| 1:12 | Crear | Villager (Male) |
| 1:12 | Crear | Villager (Male) |
| 1:12 | Crear | Villager (Male) |
| 1:58 | Crear | Villager (Male) |
| 1:58 | Crear | Villager (Male) |
| 1:58 | Crear | Villager (Male) |
| 1:58 | Crear | Villager (Male) |
| 2:01 | Construir | Lumber Camp |
| 2:23 | Crear | Villager (Male) |
| 2:23 | Crear | Villager (Male) |
| 2:23 | Crear | Villager (Male) |
| 2:23 | Crear | Villager (Male) |
| 3:36 | Crear | Villager (Male) |
| 3:36 | Crear | Villager (Male) |
| 3:37 | Crear | Villager (Male) |
| 3:37 | Crear | Villager (Male) |
| 4:25 | Crear | Villager (Male) |
| 5:00 | Crear | Villager (Male) |
| 5:00 | Crear | Villager (Male) |
| 5:00 | Crear | Villager (Male) |
| 5:00 | Crear | Villager (Male) |
| 5:00 | Crear | Villager (Male) |
| 5:00 | Crear | Villager (Male) |
| 5:00 | Crear | Villager (Male) |
| 5:00 | Crear | Villager (Male) |
| 5:00 | Crear | Villager (Male) |
| 5:40 | Crear | Villager (Male) |
| 5:40 | Crear | Villager (Male) |
| 5:40 | Crear | Villager (Male) |
| 5:40 | Crear | Villager (Male) |
| 5:40 | Crear | Villager (Male) |
| 6:54 | Crear | Villager (Male) |
| 6:54 | Crear | Villager (Male) |
| 6:54 | Crear | Villager (Male) |
| 6:54 | Crear | Villager (Male) |
| 7:01 | Crear | Villager (Male) |
| 7:01 | Crear | Villager (Male) |
| 7:01 | Crear | Villager (Male) |
| 7:01 | Crear | Villager (Male) |
| 7:15 | Investigar | Loom |
| 7:30 | Crear | Villager (Male) |
| 7:30 | Crear | Villager (Male) |
| 7:30 | Crear | Villager (Male) |
| 7:35 | Construir | Mill |
| 7:36 | Crear | Villager (Male) |
| 7:36 | Crear | Villager (Male) |
| 7:36 | Crear | Villager (Male) |
| 7:36 | Crear | Villager (Male) |
| 7:36 | Crear | Villager (Male) |
| 7:36 | Crear | Villager (Male) |
| 7:46 | Crear | Villager (Male) |
| 7:46 | Crear | Villager (Male) |
| 7:46 | Crear | Villager (Male) |
| 10:31 | Investigar | Feudal Age |
| 10:39 | Construir | Lumber Camp |
| 10:56 | Investigar | Loom |
| 11:38 | Construir | Farm |
| 11:49 | Construir | Farm |
| 12:41 | Edad | Edad Feudal |
| 12:45 | Construir | Barracks |
| 12:51 | Construir | Barracks |
| 12:55 | Construir | Barracks |
| 14:12 | Crear | Villager (Male) |
| 14:12 | Crear | Villager (Male) |
| 14:12 | Crear | Villager (Male) |
| 14:23 | Construir | Barracks |
| 15:00 | Construir | Archery Range |
| 15:44 | Construir | Farm |
| 15:48 | Construir | Mining Camp |
| 15:49 | Crear | Villager (Male) |
| 15:49 | Crear | Villager (Male) |
| 15:50 | Crear | Villager (Male) |
| 15:50 | Crear | Villager (Male) |
| 15:50 | Crear | Villager (Male) |
| 15:54 | Construir | Palisade Wall |
| 16:00 | Construir | Farm |
| 16:08 | Investigar | Double-Bit Axe |
| 16:11 | Investigar | Horse Collar |
| 16:18 | Construir | Farm |
| 16:38 | Crear | Archer |
| 16:38 | Crear | Archer |
| 16:50 | Construir | Stable |
| 17:33 | Construir | Blacksmith |
| 17:53 | Construir | Market |
| 17:59 | Crear | Villager (Male) |
| 18:02 | Construir | Farm |
| 18:03 | Construir | Farm |
| 18:06 | Crear | Villager (Male) |
| 18:11 | Construir | Farm |
| 18:12 | Construir | Farm |
| 18:12 | Construir | Farm |
| 18:13 | Crear | Villager (Male) |
| 18:13 | Crear | Villager (Male) |
| 18:35 | Construir | Farm |
| 18:36 | Crear | Villager (Male) |
| 18:36 | Crear | Villager (Male) |
| 18:36 | Crear | Villager (Male) |
| 18:39 | Crear | Villager (Male) |
| 18:39 | Crear | Villager (Male) |
| 18:39 | Crear | Villager (Male) |
| 18:52 | Crear | Villager (Male) |
| 18:52 | Crear | Villager (Male) |
| 19:00 | Crear | Scout Cavalry |
| 19:01 | Crear | Scout Cavalry |
| 19:12 | Construir | Farm |
| 19:17 | Construir | Farm |
| 19:18 | Crear | Villager (Male) |
| 19:18 | Crear | Villager (Male) |
| 19:26 | Construir | Farm |
| 19:29 | Construir | Farm |
| 19:46 | Construir | Farm |
| 19:49 | Construir | Farm |
| 19:58 | Investigar | Bloodlines |
| 20:16 | Crear | Villager (Male) |
| 20:16 | Crear | Villager (Male) |
| 20:25 | Construir | Farm |
| 20:29 | Construir | Farm |
| 20:30 | Construir | Farm |
| 20:36 | Construir | Farm |
| 20:37 | Construir | Farm |
| 21:02 | Investigar | Wheelbarrow |
| 21:25 | Crear | Villager (Male) |
| 21:32 | Investigar | Gold Mining |
| 22:20 | Investigar | Castle Age |
| 22:25 | Crear | Villager (Male) |
| 22:25 | Crear | Villager (Male) |
| 22:55 | Construir | Stone Wall |
| 23:05 | Construir | Stable |
| 23:21 | Crear | Villager (Male) |
| 23:21 | Crear | Villager (Male) |
| 23:21 | Crear | Villager (Male) |
| 23:35 | Construir | Barracks |
| 24:23 | Crear | Villager (Male) |
| 24:23 | Crear | Villager (Male) |
| 24:42 | Construir | Stone Wall |
| 24:54 | Crear | Archer |
| 24:54 | Crear | Archer |
| 25:00 | Edad | Edad de los Castillos |
| 25:42 | Construir | Town Center |
| 25:46 | Crear | Villager (Male) |
| 25:46 | Crear | Villager (Male) |
| 25:50 | Crear | Villager (Male) |
| 25:50 | Crear | Villager (Male) |
| 25:50 | Crear | Villager (Male) |
Cronología de la partida
| 4:36 | Entrue · first_building Barracks |
| 7:32 | RapplerSoon · first_building Barracks |
| 7:42 | My_Name_Is_Mimmox · first_building Barracks |
| 7:44 | Fabiatore · wall_segment Palisade Wall x34 |
| 7:45 | Orion8TV · first_building Barracks |
| 8:26 | Entrue · wall_segment Palisade Wall x10 |
| 8:35 | Entrue · wall_segment Palisade Wall x9 |
| 9:22 | My_Name_Is_Mimmox · age_up feudal |
| 9:28 | My_Name_Is_Mimmox · first_building Stable |
| 9:36 | Orion8TV · age_up feudal |
| 9:44 | Orion8TV · first_building Archery Range |
| 9:44 | Entrue · wall_segment Palisade Wall x7 |
| 10:28 | Entrue · age_up feudal |
| 11:11 | Fabiatore · age_up feudal |
| 11:15 | RapplerSoon · age_up feudal |
| 11:33 | Entrue · wall_segment Palisade Wall x6 |
| 12:12 | Fabiatore · first_building Barracks |
| 12:19 | Entrue · wall_segment Palisade Wall x1 |
| 12:41 | GdR_TARABS · age_up feudal |
| 12:45 | GdR_TARABS · first_building Barracks |
| 13:08 | Orion8TV · wall_segment Palisade Wall x8 |
| 14:34 | My_Name_Is_Mimmox · wall_segment Palisade Wall x8 |
| 14:39 | My_Name_Is_Mimmox · wall_segment Palisade Wall x17 |
| 14:43 | My_Name_Is_Mimmox · wall_segment Palisade Wall x11 |
| 14:47 | My_Name_Is_Mimmox · wall_segment Palisade Wall x3 |
| 14:49 | My_Name_Is_Mimmox · wall_segment Palisade Wall x22 |
| 14:54 | Fabiatore · wall_segment Palisade Wall x3 |
| 14:56 | Entrue · wall_segment Palisade Wall x6 |
| 15:00 | GdR_TARABS · first_building Archery Range |
| 15:35 | Entrue · wall_segment Palisade Wall x1 |
| 15:54 | GdR_TARABS · wall_segment Palisade Wall x1 |
| 16:29 | Fabiatore · first_building Archery Range |
| 16:50 | GdR_TARABS · first_building Stable |
| 16:54 | RapplerSoon · first_building Stable |
| 19:18 | RapplerSoon · age_up castle |
| 21:14 | Fabiatore · wall_segment Palisade Wall x1 |
| 21:44 | GdR_TARABS · first_market_sell 100 wood |
| 21:49 | Orion8TV · wall_segment Palisade Wall x12 |
| 21:57 | Entrue · wall_segment Palisade Wall x5 |
| 22:55 | GdR_TARABS · wall_segment Stone Wall x13 |
| 23:16 | Fabiatore · wall_segment Palisade Wall x7 |
| 23:26 | My_Name_Is_Mimmox · wall_segment Stone Wall x10 |
| 24:23 | Orion8TV · age_up castle |
| 24:42 | GdR_TARABS · wall_segment Stone Wall x1 |
| 24:54 | Entrue · first_building Archery Range |
| 25:00 | GdR_TARABS · age_up castle |
| 25:07 | My_Name_Is_Mimmox · wall_segment Stone Wall x7 |
| 25:08 | My_Name_Is_Mimmox · wall_segment Stone Wall x6 |
| 25:10 | RapplerSoon · first_building Castle |
| 25:21 | My_Name_Is_Mimmox · age_up castle |
| 25:36 | GdR_TARABS · first_market_buy 100 stone |
| 26:37 | My_Name_Is_Mimmox · wall_segment Stone Wall x1 |
| 27:23 | Entrue · age_up castle |
| 27:44 | Entrue · first_building Monastery |
| 27:56 | Fabiatore · wall_segment Stone Wall x7 |
| 28:05 | Entrue · first_market_sell 100 food |
| 28:12 | Entrue · first_market_buy 100 wood |
| 30:18 | Entrue · first_building Siege Workshop |
| 31:51 | Fabiatore · age_up castle |
| 32:26 | Fabiatore · first_building Castle |
| 35:14 | RapplerSoon · first_building Siege Workshop |
| 37:08 | Orion8TV · first_building Monastery |
| 37:39 | My_Name_Is_Mimmox · first_building Monastery |
| 37:59 | GdR_TARABS · first_building Castle |
| 38:24 | Orion8TV · wall_segment Palisade Wall x13 |
| 38:40 | Orion8TV · wall_segment Palisade Wall x11 |
| 39:00 | Orion8TV · wall_segment Palisade Wall x17 |
| 39:59 | RapplerSoon · first_market_buy 100 food |
| 40:33 | My_Name_Is_Mimmox · first_building Castle |
| 41:07 | Orion8TV · age_up imperial |
| 41:52 | Entrue · age_up imperial |
| 43:15 | RapplerSoon · age_up imperial |
| 43:56 | My_Name_Is_Mimmox · age_up imperial |
| 44:04 | My_Name_Is_Mimmox · first_market_sell 100 food |
| 44:17 | Fabiatore · first_building Siege Workshop |
| 44:31 | My_Name_Is_Mimmox · wall_segment Stone Wall x16 |
| 44:35 | My_Name_Is_Mimmox · wall_segment Stone Wall x18 |
| 47:22 | My_Name_Is_Mimmox · wall_segment Stone Wall x1 |
| 47:23 | My_Name_Is_Mimmox · wall_segment Stone Wall x1 |
| 47:36 | GdR_TARABS · first_building Siege Workshop |
| 48:03 | Orion8TV · first_building Castle |
| 50:29 | GdR_TARABS · age_up imperial |
| 50:48 | Entrue · first_building Castle |
| 52:37 | Fabiatore · age_up imperial |
| 57:46 | Fabiatore · resign |
| 58:15 | RapplerSoon · first_market_sell 500 food |
[ ANÁLISIS IA · 1 CRÉDITO ]
¿Qué pasó realmente en esta partida?
Wolo.gg analiza cada decisión: build order, eco, micro, errores típicos por bracket. Análisis personalizado por WhatsApp o Discord en 30 segundos.
Guía civ
Francos
Perfil
Jugador #22674001